 Dungeon Crawl Stone Soup version 0.26-a0-651-gb41185065b (webtiles) character file.

Game seed: 12829051377086302946

152 Lanoc the Covert (level 5, 0/47 HPs)
             Began as a Gnoll Delver on Oct 11, 2020.
             Was a Follower of Wu Jian.
             Succumbed to an adder's poison
             ... on level 4 of the Dungeon.
             The game lasted 00:03:06 (1564 turns).

Lanoc the Covert (Gnoll Delver)                     Turns: 1564, Time: 00:03:08

Health: 0/47       AC:  6    Str: 15    XL:     5   Next: 34%
Magic:  16/16      EV: 14    Int: 12    God:    Wu Jian [*.....]
Gold:   107        SH:  0    Dex: 17    Spells: 6/6 levels left

rFire    . . .     SeeInvis .   j - +0 long sword
rCold    . . .     Faith    .   (no shield)
rNeg     . . .     Spirit   .   b - +0 leather armour
rPois    .         Reflect  .   (no helmet)
rElec    .         Harm     .   (no cloak)
rCorr    .         Rampage  .   i - +2 pair of gloves
MR       .....                  (no boots)
Stlth    ++++......             (no amulet)
HPRegen  0.15/turn              o - ring of magical power
MPRegen  0.15/turn              (no ring)

@: lethally poisoned (0 -> -2)
A: distributed training, fangs 1, strong nose
a: Renounce Religion


You were on level 4 of the Dungeon.
You worshipped Wu Jian.
Wu Jian was aware of your devotion.
You visited 2 branches of the dungeon, and saw 4 of its levels.

You collected 107 gold pieces.

Inventory:

Hand Weapons
 j - a +0 long sword (weapon)
Armour
 b - a +0 leather armour (worn)
 i - a +2 pair of gloves (worn)
Jewellery
 o - a ring of magical power (left hand)
Wands
 g - a wand of digging (3)
Scrolls
 a - a scroll of enchant weapon {unknown}
 c - a scroll of fog
 d - 2 scrolls of magic mapping
 e - a scroll of fear
 h - 2 scrolls of enchant armour {unknown}
 l - a scroll of teleportation {unknown}
 m - a scroll of immolation {unknown}
 r - a scroll of random uselessness {unknown}
Potions
 f - a potion of haste
 k - a potion of stabbing {unknown}
 n - a potion of flight {unknown}
 p - a potion of mutation {unknown}
 q - a potion of lignification {unknown}


   Skills:
 + Level 6.7 Fighting
 + Level 1.4 Short Blades
 + Level 4.8 Long Blades
 + Level 1.4 Axes
 + Level 1.4 Maces & Flails
 + Level 1.4 Polearms
 + Level 1.4 Staves
 + Level 1.4 Slings
 + Level 1.4 Bows
 + Level 1.4 Crossbows
 + Level 1.4 Throwing
 + Level 1.4 Armour
 + Level 4.8 Dodging
 + Level 9.6 Stealth
 + Level 1.4 Shields
 + Level 1.4 Unarmed Combat
 + Level 1.4 Spellcasting
 + Level 1.1 Conjurations
 + Level 1.1 Hexes
 + Level 1.1 Summonings
 + Level 1.1 Necromancy
 + Level 1.1 Translocations
 + Level 1.1 Transmutations
 + Level 1.1 Fire Magic
 + Level 1.1 Ice Magic
 + Level 1.1 Air Magic
 + Level 1.1 Earth Magic
 + Level 1.1 Poison Magic
 + Level 1.6 Invocations
 + Level 1.4 Evocations


You had 6 spell levels left.
You didn't know any spells.
Your spell library contained the following spells:

 Spells                   Type           Power        Failure   Level
 Corona                   Hex            #......      22%         1
 Ensorcelled Hibernation  Hex/Ice        #.....       32%         2
 Confusing Touch          Hex            #.......     54%         3
 Dazzling Flash           Conj/Hex       #.....       54%         3
 Tukima's Dance           Hex            #.......     54%         3


Dungeon Overview and Level Annotations

Branches:
Dungeon (5/15)             Temple (1/1) D:5

Altars:
Cheibriados
Elyvilon
Fedhas
Gozag
Hepliaklqana
Kikubaaqudgha
Makhleb
Nemelex Xobeh
Qazlal
Sif Muna
Uskayaw
Vehumet
Wu Jian
Yredelemnul

Shops:
D:5 }=!

Annotations:
D:5 1 runed translucent door


Innate Abilities, Weirdness & Mutations

Your experience applies equally to all skills.
You have very sharp teeth.
Your uncanny sense of smell can sniff out nearby items.


Message History

You kill the adder!
The Council accepts your kill.
You feel sick.
You feel sick.
You see here a short runed staff.
You hit the ogre. Your bite misses the ogre.
The ogre is lightly wounded.
The ogre barely misses you.
You riposte.
You hit the ogre.
The ogre is moderately wounded.
You hit the ogre but do no damage.
The ogre is moderately wounded.
You feel sick. The ogre closely misses you.
You hit the ogre.
The ogre is heavily wounded.
The ogre hits you with a +0 giant club!!
You hit the ogre.
The ogre is severely wounded.
The ogre hits you with a +0 giant club!
* * * LOW HITPOINT WARNING * * *
You die...

......####..#...........##
.....................####
........##.#.........# #
......#..#.##....##### #
..... ##.#......## ######
#### #....##.## ##.....
###.......####......
#####......†............
.......@|O..............
#[..(.#..##...###.......
.?.......##...# #.......
....####..#...# #.......
.... .......# #....... ..#
####...# #....... # #....
#)...... ##....#.......
#.......


You could see an ogre.

Vanquished Creatures
  A hound (D:4)
  A centaur skeleton (D:4)
  2 worker ants (D:4)
  3 adders
  A worm (D:3)
  4 orcs (D:4)
  2 giant cockroaches
  A hobgoblin (D:3)
  A bat (D:3)
  A kobold (D:3)
  A leopard gecko zombie (D:5)
  A quokka skeleton (D:5)
  2 rats (D:3)
21 creatures vanquished.

Notes
Turn   | Place    | Note
-------+----------+-------------------------------------------
     0 | D:5      | Reached skill level 9 in Stealth
     0 | D:5      | Lanoc the Gnoll Delver began the quest for the Orb.
     0 | D:5      | Reached XP level 1. HP: 23/23 MP: 1/1
     6 | D:5      | Found a staircase to the Ecumenical Temple.
    16 | Temple   | Entered the Ecumenical Temple
   117 | Temple   | Became a worshipper of the Wu Jian Council
   128 | D:5      | Found Wisere's Distillery.
   194 | D:5      | Found Bunalyor's Jewellery Boutique.
   195 | D:5      | Found Ymyewag's Gadget Shoppe.
   199 | D:5      | Found a runed translucent door.
   211 | D:5      | Noticed an ice beast
   306 | D:4      | Reached XP level 2. HP: 29/29 MP: 2/2
   323 | D:4      | Reached skill level 1 in Invocations
   323 | D:4      | Reached XP level 3. HP: 18/35 MP: 2/4
   387 | D:4      | Noticed a hornet
   393 | D:3      | Reached skill level 1 in Short Blades
   393 | D:3      | Reached skill level 1 in Axes
   393 | D:3      | Reached skill level 1 in Maces & Flails
   393 | D:3      | Reached skill level 1 in Polearms
   393 | D:3      | Reached skill level 1 in Staves
   393 | D:3      | Reached skill level 1 in Slings
   393 | D:3      | Reached skill level 1 in Bows
   393 | D:3      | Reached skill level 1 in Crossbows
   393 | D:3      | Reached skill level 1 in Throwing
   393 | D:3      | Reached skill level 1 in Armour
   393 | D:3      | Reached skill level 1 in Shields
   393 | D:3      | Reached skill level 1 in Unarmed Combat
   393 | D:3      | Reached skill level 1 in Spellcasting
   393 | D:3      | Reached skill level 1 in Evocations
   393 | D:3      | Reached XP level 4. HP: 30/41 MP: 5/5
   950 | D:3      | Reached * piety under Wu Jian
  1237 | D:4      | Reached skill level 1 in Conjurations
  1237 | D:4      | Reached skill level 1 in Hexes
  1237 | D:4      | Reached skill level 1 in Summonings
  1237 | D:4      | Reached skill level 1 in Necromancy
  1237 | D:4      | Reached skill level 1 in Translocations
  1237 | D:4      | Reached skill level 1 in Transmutations
  1237 | D:4      | Reached skill level 1 in Fire Magic
  1237 | D:4      | Reached skill level 1 in Ice Magic
  1237 | D:4      | Reached skill level 1 in Air Magic
  1237 | D:4      | Reached skill level 1 in Earth Magic
  1237 | D:4      | Reached skill level 1 in Poison Magic
  1271 | D:4      | Reached XP level 5. HP: 47/47 MP: 6/6
  1549 | D:4      | Noticed an ogre
  1563 | D:4      | HP: 1/47 [ogre/+0 giant club (16)]
  1564 | D:4      | Succumbed to an adder's poison

Illustrated notes

Levels and vault maps discovered:
D:3:      layout_basic
D:4:      layout_rooms, serial_shops, nicolae_shop_stone,
          chequers_serial_rivers_micro_c, kennysheep_generic_room_6
D:5:      layout_rooms, zin_statuary, minmay_temple_entry_large_hall,
          serial_shops, nicolae_shop_crystal, nicolae_shop_stone, shop, shop,
          shop, ebering_ghost_sewer_f, kennysheep_generic_room_12
Temple:   eino_temple_lava

Skill      XL: |  1  2  3  4 |
---------------+-------------+-----
Stealth        | |  9.6
Invocations    | 1 |  1.6
Short Blades   | 1 |  1.4
Axes           | 1 |  1.4
Maces & Flails | 1 |  1.4
Polearms       | 1 |  1.4
Staves         | 1 |  1.4
Slings         | 1 |  1.4
Bows           | 1 |  1.4
Crossbows      | 1 |  1.4
Throwing       | 1 |  1.4
Armour         | 1 |  1.4
Shields        | 1 |  1.4
Unarmed Combat | 1 |  1.4
Spellcasting   | 1 |  1.4
Evocations     | 1 |  1.4
Conjurations   | 1 |  1.1
Hexes          | 1 |  1.1
Summonings     | 1 |  1.1
Necromancy     | 1 |  1.1
Translocations | 1 |  1.1
Transmutations | 1 |  1.1
Fire Magic     | 1 |  1.1
Ice Magic      | 1 |  1.1
Air Magic      | 1 |  1.1
Earth Magic    | 1 |  1.1
Poison Magic   | 1 |  1.1
Fighting       | |  6.7
Long Blades    | |  4.8
Dodging        | |  4.8

Action                   |  1- 3 |  4- 6 || total
-------------------------+-------+-------++-------
Melee: Falchion          |    10 |       ||    10
       Long sword        |    22 |    44 ||    66
       Bite              |     4 |     4 ||     8
Invok: Lunge             |     2 |     1 ||     3
       Whirlwind         |       |     4 ||     4
 Stab: Sleeping          |     4 |     1 ||     5
Armor: Leather armour    |     7 |    16 ||    23
Dodge: Dodged            |    25 |    27 ||    52
       Rpst.: Falchion   |     2 |       ||     2
       Long sword        |     4 |    12 ||    16

Table legend: (Time is in decaauts)
 A = Elapsed time spent in this place.
 B = Non-inter-level travel time spent in this place.
 C = Inter-level travel time spent in this place.
 D = Time resting spent in this place.
 E = Time spent auto-exploring this place.
 F = Levels seen in this place.
 G = Mean time per level.
                   A        B        C        D        E       F      G
               +--------+--------+--------+--------+--------+-----+--------+
         Total |   1576 |   1498 |     78 |    171 |   1034 |   4 |  394.0 |
       Dungeon |   1465 |   1403 |     62 |    171 |    980 |   3 |  488.3 |
        Temple |    110 |     94 |     16 |      0 |     54 |   1 |  110.0 |
               +--------+--------+--------+--------+--------+-----+--------+

Top non-repeatable levels by time:
     D:3: 970 daAuts
     D:4: 383 daAuts
     D:5: 112 daAuts
  Temple: 110 daAuts
